cohdb
Replays
Latest Replays
All Replays
Popular Replays
Top Player Replays
Match Explorer
How It Works
Community
CoH3 Stats
Reddit
Sign in to upload your games and track your stats! →
Sign in with Steam
Match 42857799
Unlisted
Match 42857799
Overview
Messages
Build Orders
End
Pioneer Squad
Construct Infanterie Kompanie
Grenadier Squad
Grenadier Squad
MG 42 Machine Gun Team
Construct Luftwaffe Kompanie
Medical Bunker
Support Elements
Jäger Squad
Wirbelwind Flakpanzer
Luftwaffe Officer Quarters
Grenadier Squad
Marder III M Tank Destroyer
Selects Mechanized Battlegroup
Selects Mobile Repair Stations
Selects Wespe Self-propelled Artillery
Wespe Self-propelled Artillery
Selects Raid Package
Bananenratte
Nico-Nico-Nii~~
ZRL454
Schmutz
0
0
Comments
sign in to comment!
No comments posted yet!